 Dungeon Crawl Stone Soup version 0.29-a0-789-g7a8fcbc185 (webtiles) character file.

Game seed: 14273746545317761222

3122 gruber the Skirmisher (level 9, -3/44 HPs)
             Began as a Spriggan Hunter on July 2, 2022.
             Was a Believer of Okawaru.
             Slain by a killer bee (6 damage)
             ... on level 7 of the Dungeon.
             The game lasted 00:17:16 (9105 turns).

gruber the Skirmisher (Spriggan Hunter)             Turns: 9105, Time: 00:17:16

Health: -3/44      AC:  4    Str:  7    XL:     9   Next: 60%
Magic:  10/10      EV: 26    Int: 19    God:    Okawaru [**....]
Gold:   367        SH:  7    Dex: 20    Spells: 8/8 levels left

rFire   . . .      SeeInvis +   y - +2 sling (vorpal)
rCold   . . .      Faith    .   O - +0 buckler
rNeg    . . .      Spirit   .   c - +0 robe
rPois   .          Reflect  .   (helmet restricted)
rElec   .          Harm     .   s - +1 cloak
rCorr   .          Rampage  .   (gloves unavailable)
Will    +....                   (boots unavailable)
Stlth   ++++......              H - amulet of the acrobat
HPRegen 0.14/turn               J - +6 ring of intelligence
MPRegen 0.12/turn               u - +4 ring of evasion

@: lethally poisoned (-3 -> -7), very quick
A: very small, no large weapons, unfitting armour, see invisible, speed 3
a: Renounce Religion, Heroism


You were on level 7 of the Dungeon.
You worshipped Okawaru.
Okawaru was pleased with you.
You visited 2 branches of the dungeon, and saw 9 of its levels.
You also visited: Sewer.

You collected 367 gold pieces.

Inventory:

Hand Weapons
 a - a +0 shortbow
 e - a +2 dagger of venom
 v - the +8 trident of the Wilderness {spect, rElec Will- Int+5}
   (You found it on level 4 of the Dungeon)

   When its wielder attacks, the weapon's spirit leaps out and strikes again.
   The spirit shares a part of any damage it takes with its wielder.
   Int:       It affects your intelligence (+5).
   rElec:     It insulates you from electricity.
   Will:      It decreases your willpower.
 y - a +2 vorpal sling (weapon)
 D - the +1 short sword of Achue {elec, *Noise rC+ rCorr}
   (You found it on level 6 of the Dungeon)

   It occasionally discharges a powerful burst of electricity upon striking a
   foe.
   rC:        It protects you from cold.
   *Noise:    It may make noises in combat.
   rCorr:     It protects you from acid and corrosion.
 N - a +5 vampiric spear
Missiles
 d - 2 throwing nets
Armour
 c - a +0 robe (worn)
 s - a +1 cloak (worn)
 O - a +0 buckler (worn)
Jewellery
 j - a +6 ring of strength
 u - a +4 ring of evasion (right hand)
 H - an amulet of the acrobat (around neck)
 J - a +6 ring of intelligence (left hand)
 K - an amulet of reflection
Wands
 x - a wand of light (8)
 B - a wand of roots (14)
 M - a wand of flame (18)
Scrolls
 b - 4 scrolls of immolation
 f - 6 scrolls of identify {unknown}
 g - 3 scrolls of brand weapon {unknown}
 h - a scroll of poison {unknown}
 i - 3 scrolls of teleportation {unknown}
 l - 4 scrolls of noise {unknown}
 m - 2 scrolls of enchant weapon {unknown}
 n - a scroll of fear {unknown}
 q - a scroll of blinking {unknown}
 t - 2 scrolls of torment {unknown}
 C - a scroll of amnesia {unknown}
 G - 2 scrolls of enchant armour {unknown}
Potions
 k - 3 potions of curing {unknown}
 o - 2 potions of heal wounds {unknown}
 p - 3 potions of mutation {unknown}
 r - a potion of haste {unknown}
 w - a potion of might {unknown}
 z - a potion of degeneration {unknown}
 A - a potion of attraction {unknown}
 E - 3 potions of invisibility {unknown}
 F - a potion of cancellation {unknown}
 I - 2 potions of flight {unknown}
 L - a potion of brilliance {unknown}


   Skills:
 - Level 3.0 Fighting
 - Level 12.2 Ranged Weapons
 - Level 8.0 Dodging
 - Level 9.0 Stealth
 * Level 2.5 Shields
 - Level 0.1 Translocations
 - Level 0.1 Transmutations
 - Level 0.1 Earth Magic
 - Level 1.0 Poison Magic


You had 8 spell levels left.
You didn't know any spells.
Your spell library contained the following spells:

 Spells                   Type           Power      Damage    Failure   Level
 Foxfire                  Conj/Fire      0%         2x1d4     38%         1
 Necrotize                Necr           0%         1d4       38%         1
 Conjure Flame            Conj/Fire      0%         6-21      77%         3
 Inner Flame              Hex/Fire       0%         N/A       77%         3
 Vampiric Draining        Necr           0%         2d6       77%         3
 Flame Wave               Conj/Fire      0%         2d4       99%         4
 Agony                    Necr           0%         N/A       100%        5
 Summon Small Mammal      Summ           Unusable   N/A       N/A         1
 Call Canine Familiar     Summ           Unusable   N/A       N/A         3
 Summon Guardian Golem    Hex/Summ       Unusable   N/A       N/A         3

Dungeon Overview and Level Annotations

Branches:
Dungeon (8/15)             Temple (1/1) D:6           Sewer (visited)
   Lair: D:8-11

Altars:
Ashenzari
Cheibriados
Fedhas
Gozag
Hepliaklqana
Kikubaaqudgha
Okawaru
Qazlal
Ru
Trog
Uskayaw
Wu Jian
Xom
Yredelemnul
Zin
The Shining One

Shops:
D:1 (   D:3 *


Innate Abilities, Weirdness & Mutations

You are very small and have problems with some larger weapons.
You are too small for most types of armour.
You have supernaturally acute eyesight. (SInv)
You cover ground extremely quickly. (Speed+++)


Message History

Aim: a killer bee (severely wounded)
You shoot a sling bullet.
The sling bullet hits the killer bee but does no damage.
The killer bee is severely wounded.
You feel sick. The killer bee barely misses you.
Fire: y) +2 sling (vorpal)
Press: ? - help, Q - select action, (/) - cycle Shift-Dir - straight line, f/p - killer bee
Aim: a killer bee (severely wounded)
You shoot a sling bullet.
The sling bullet closely misses the killer bee.
You feel sick. The killer bee stings you! The killer bee stings you.
You are more poisoned.
The killer bee poisons you!
Fire: y) +2 sling (vorpal)
Press: ? - help, Q - select action, (/) - cycle Shift-Dir - straight line, f/p - killer bee
Aim: a killer bee (severely wounded)
You shoot a sling bullet.
The sling bullet barely misses the killer bee.
You feel sick.
The killer bee completely misses you. x2
Unknown command.
Fire: y) +2 sling (vorpal)
Press: ? - help, Q - select action, (/) - cycle Shift-Dir - straight line, f/p - killer bee
Aim: a killer bee (severely wounded)
You shoot a sling bullet. The sling bullet misses the killer bee.
You feel sick. The killer bee barely misses you.
You block the killer bee's attack.
Fire: y) +2 sling (vorpal)
Press: ? - help, Q - select action, (/) - cycle Shift-Dir - straight line, f/p - killer bee
Aim: a killer bee (severely wounded)
You shoot a sling bullet. The sling bullet misses the killer bee.
You feel sick. The killer bee stings you.
* * * LOW HITPOINT WARNING * * *
You block the killer bee's attack.
Fire: y) +2 sling (vorpal)
Press: ? - help, Q - select action, (/) - cycle Shift-Dir - straight line, f/p - killer bee
Aim: a killer bee (severely wounded)
You shoot a sling bullet. The sling bullet misses the killer bee.
* * * LOW HITPOINT WARNING * * *
You feel sick. The killer bee completely misses you. The killer bee stings you.
You die...

y.#.#####.<......#
.##..............#
####....#........#
####..........##
###>.<.......
#....†...#. .#
#........# ..
##........# ...
#..)....y@# #..
#.#########
.##.####.#
.....y...#
#.......#
###......#
........##
.########


You could see a killer bee.

Vanquished Creatures
  A hornet (D:6)
  2 steam dragons (D:8)
  An orc warrior (D:6)
  2 black bears (D:5)
  An ice beast (D:8)
  A sky beast (D:7)
  2 ogres (D:6)
  2 phantoms (D:4)
  Blork the orc (D:5)
  4 scorpions
  A gnoll sergeant (D:8)
  3 wights (D:6)
  6 killer bees
  2 howler monkeys (D:5)
  An electric eel (D:6)
  5 jellies
  4 orc priests
  4 hounds
  2 boudas
  9 orc wizards
  7 gnolls
  10 adders
  2 river rats (Sewer)
  A shadow imp (D:8)
  2 white imps
  An ufetubus (D:7)
  3 worms
  2 dart slugs
  20 orcs
  11 ball pythons
  11 endoplasms
  6 giant cockroaches
  3 hobgoblins
  8 jackals
  7 quokkas
  3 bats
  8 frilled lizards
  5 goblins
  6 kobolds
  6 rats
176 creatures vanquished.

Vanquished Creatures (others)
  24 plants
24 creatures vanquished.

Grand Total: 200 creatures vanquished

Notes
Turn   | Place    | Note
-------+----------+-------------------------------------------
     0 | D:1      | gruber the Spriggan Hunter began the quest for the Orb.
     0 | D:1      | Reached XP level 1. HP: 10/10 MP: 2/2
    48 | D:1      | Reached skill level 5 in Ranged Weapons
   183 | D:1      | Reached XP level 2. HP: 14/14 MP: 3/3
   510 | D:1      | Found Mij Wumn's Weapon Emporium.
   744 | D:1      | Found a faded altar of an unknown god.
   757 | D:1      | Reached skill level 6 in Ranged Weapons
   941 | D:2      | Reached XP level 3. HP: 13/18 MP: 4/4
  2088 | D:3      | Reached skill level 7 in Ranged Weapons
  2088 | D:3      | Reached XP level 4. HP: 22/22 MP: 5/5
  2408 | D:3      | Found Kuleev's Assorted Antiques.
  3003 | D:4      | Identified the +8 trident of the Wilderness {spect, rElec
                  | Will- Int+5}
  3201 | D:4      | Noticed a phantom
  3226 | D:4      | Killed a phantom
  3227 | D:4      | Reached skill level 8 in Ranged Weapons
  3227 | D:4      | Reached XP level 5. HP: 25/25 MP: 6/6
  3753 | D:4      | Noticed a phantom
  3787 | D:4      | Killed a phantom
  3788 | D:4      | Reached skill level 9 in Ranged Weapons
  3788 | D:4      | Reached XP level 6. HP: 23/30 MP: 7/7
  3995 | D:5      | Entered Level 5 of the Dungeon
  4146 | D:5      | Reached skill level 10 in Ranged Weapons
  4146 | D:5      | Reached XP level 7. HP: 18/33 MP: 8/8
  4327 | D:5      | Noticed Blork the orc
  4335 | D:5      | Killed Blork the orc
  4414 | D:5      | Reached skill level 11 in Ranged Weapons
  5061 | D:6      | Reached skill level 12 in Ranged Weapons
  5061 | D:6      | Reached XP level 8. HP: 37/37 MP: 9/9
  5088 | D:6      | Identified the +1 short sword of Achue {elec, *Noise rC+
                  | rCorr}
  5166 | D:6      | Found a glowing drain.
  5177 | Sewer    | Entered a sewer
  5269 | Sewer    | Reached skill level 5 in Dodging
  5387 | Sewer    | Found a viscous altar of Jiyva.
  5479 | D:6      | Reached skill level 1 in Poison Magic
  6127 | D:6      | Found a staircase to the Ecumenical Temple.
  6214 | Temple   | Entered the Ecumenical Temple
  6272 | Temple   | Became a worshipper of Warmaster Okawaru
  6672 | D:6      | Noticed a hornet
  7139 | D:6      | Killed a hornet
  7139 | D:6      | Reached * piety under Okawaru
  7561 | D:7      | Reached XP level 9. HP: 41/44 MP: 10/10
  7617 | D:7      | Found a blossoming altar of Fedhas.
  7617 | D:7      | Found a shimmering altar of Xom.
  7744 | D:7      | Reached skill level 5 in Stealth
  8412 | D:8      | Reached ** piety under Okawaru
  8774 | D:8      | Reached skill level 1 in Shields
  8814 | D:8      | HP: 1/44 [something (6)]
  9105 | D:7      | Slain by a killer bee

Illustrated notes

Levels and vault maps discovered:
D:1:      roderic_crop_circles_arrival_small, layout_basic, serial_shops,
          nicolae_lakefront_shop, hellmonk_ecumenical_altar_crossroads,
          hangedman_decor_clover_reticule, grunt_decor_fettered
D:2:      layout_loops_ring
D:3:      layout_basic, serial_shops, nicolae_lakefront_shop,
          minmay_diced_spiral
D:4:      layout_loops_corners, serial_forest, infiniplex_forest_clump_tiny,
          infiniplex_forest_zigzag_2, infiniplex_forest_lined_room_,
          infiniplex_forest_diagonal, infiniplex_forest_lined_room_,
          infiniplex_forest_end_2, infiniplex_forest_clump_double,
          infiniplex_forest_lined_1
D:5:      layout_gridville, uniq_blork_the_orc
D:6:      layout_basic, minmay_temple_entry_glassed_door, portal_sewer_entry_d,
          serial_bayou_lagoon_b
D:7:      layout_rooms, nicolae_elyvilon_temple_path,
          chequers_temple_overflow_statue_of_worship
D:8:      layout_cave_pools, chequers_serial_rivers_micro_e,
          minmay_fractal_squares_diagonal_5
Temple:   zaba_magenta_temple

Skill      XL: |  1  2  3  4  5  6  7  8  9 |
---------------+----------------------------+-----
Ranged Weapons | 5 6 7 8 9 10 12 | 12.2
Dodging        | 8 |  8.0
Poison Magic   | 1 |  1.0
Fighting       | 3 |  3.0
Stealth        | 3 9 |  9.0
Shields        | 2 |  2.5
Translocations | |  0.1
Transmutations | |  0.1
Earth Magic    | |  0.1

Action                   |  1- 3 |  4- 6 |  7- 9 || total
-------------------------+-------+-------+-------++-------
 Fire: Shortbow          |   120 |   124 |       ||   244
       Sling             |       |       |   491 ||   491
Evoke: Wand              |       |       |     3 ||     3
Armor: Robe              |     3 |     8 |     6 ||    17
Dodge: Dodged            |    31 |    39 |    93 ||   163
Block: Buckler           |       |       |     6 ||     6

Table legend: (Time is in decaauts)
 A = Elapsed time spent in this place.
 B = Non-inter-level travel time spent in this place.
 C = Inter-level travel time spent in this place.
 D = Time resting spent in this place.
 E = Time spent auto-exploring this place.
 F = Levels seen in this place.
 G = Mean time per level.
                   A        B        C        D        E       F      G
               +--------+--------+--------+--------+--------+-----+--------+
         Total |   6593 |   6216 |    377 |    193 |   4487 |  10 |  659.3 |
       Dungeon |   6374 |   6009 |    365 |    193 |   4364 |   8 |  796.8 |
        Temple |     46 |     35 |     11 |      0 |     30 |   1 |   46.0 |
         Sewer |    172 |    172 |      0 |      0 |     93 |   1 |  172.0 |
               +--------+--------+--------+--------+--------+-----+--------+

Top non-repeatable levels by time:
     D:6: 1659 daAuts
     D:4: 883 daAuts
     D:2: 735 daAuts
     D:5: 732 daAuts
     D:7: 691 daAuts
     D:3: 632 daAuts
     D:1: 610 daAuts
     D:8: 428 daAuts
   Sewer: 172 daAuts
  Temple: 46 daAuts
